 Dungeon Crawl Stone Soup version 0.21.1-1-g345015f (webtiles) character file.

314 yevrey the Conjurer (level 6, -4/34 HPs)
             Began as a Tengu Conjurer on Mar 12, 2018.
             Was an Initiate of Vehumet.
             Slain by an orc warrior
             ... wielding a +0 long sword
              (15 damage)
             ... on level 4 of the Dungeon.
             The game lasted 00:15:17 (4152 turns).

yevrey the Conjurer (Tengu Conjurer)                Turns: 4152, Time: 00:15:17

Health: -4/34      AC:  2    Str:  9    XL:     6   Next: 43%
Magic:  0/12       EV: 13    Int: 16    God:    Vehumet [......]
Gold:   231        SH:  0    Dex: 15    Spells: 2/12 levels left

rFire    . . .     SeeInvis .   j - +1 dagger (drain)
rCold    . . .     Gourm    .   (no shield)
rNeg     . . .     Faith    .   a - +0 robe
rPois    .         Spirit   .   (helmet restricted)
rElec    .         Reflect  .   (no cloak)
rCorr    .         Harm     .   (no gloves)
MR       .....                  (boots unavailable)
Stlth    ++........             (no amulet)
HPRegen  0.11/turn              (no ring)
MPRegen  0.13/turn              (no ring)

@: no status effects
A: beak, talons 3, able to fly 1
a: Fly, Renounce Religion


You were on level 4 of the Dungeon.
You worshipped Vehumet.
Vehumet was noncommittal.
You were not hungry.

You visited 1 branch of the dungeon, and saw 6 of its levels.

You collected 231 gold pieces.

Inventory:

Hand Weapons
 f - a cursed -1 mace
 j - a +1 dagger of draining (weapon)
 q - a +0 blowgun
 s - a cursed -3 dagger
 t - a +2 falchion of holy wrath
Missiles
 k - 56 poisoned needles
Armour
 a - a +0 robe (worn)
Wands
 m - a wand of random effects (29)
Scrolls
 d - 2 scrolls of immolation {unknown}
 e - 4 scrolls of remove curse {unknown}
 g - a scroll of noise {unknown}
 h - 2 scrolls of magic mapping {unknown}
 i - 2 scrolls of teleportation {unknown}
 n - 4 scrolls of identify {unknown}
 u - a scroll of amnesia {unknown}
 v - a scroll of blinking {unknown}
 w - a scroll of enchant weapon {unknown}
 x - a scroll of vulnerability {unknown}
Potions
 l - a potion of flight {unknown}
 p - 4 potions of curing
 r - 2 potions of might {unknown}
Books
 b - a book of Conjurations

   Spells                             Type                      Level
   a - Magic Dart                     Conjuration                  1
   b - Searing Ray                    Conjuration                  2
   c - Dazzling Spray                 Conjuration/Hexes            3
   d - Fulminant Prism                Conjuration/Hexes            4
   e - Force Lance                    Conjuration/Translocation    4
   f - Iskenderun's Mystic Blast      Conjuration                  4
Comestibles
 c - 3 rations


   Skills:
 + Level 1.2 Fighting
 + Level 1.8 Short Blades
 - Level 2.1 Dodging
 - Level 2.0 Stealth
 + Level 1.7 Unarmed Combat
 * Level 3.9 Spellcasting
 + Level 7.4 Conjurations


You had 2 spell levels left.
You knew the following spells:

 Your Spells              Type           Power        Failure   Level  Hunger
a - Magic Dart            Conj           ####         1%          1    None
b - Searing Ray           Conj           ####..       1%          2    ##.....
c - Dazzling Spray        Conj/Hex       ###...       11%         3    ###....
d - Iskenderun's Mystic   Conj           ####....     8%          4    ####...


Dungeon Overview and Level Annotations

Branches:
Dungeon (6/15)
 Temple: D:4-7

Altars:
Fedhas
Gozag
Makhleb
Nemelex Xobeh
Ru
Vehumet
Wu Jian
Xom

Annotations:
D:4 toucherabbit's ghost, amateur DsFi


Innate Abilities, Weirdness & Mutations

You have a beak for a mouth.
You have claws for feet.
You can fly.


Message History

The orc warrior hits you with a long sword!!
Ouch! That really hurt!
* * * LOW HITPOINT WARNING * * *
Casting: Searing Ray
Confirm with . or Enter, or press ? or * to list all spells.
Aiming: Searing Ray
Press: ? - help, Shift-Dir - straight line, f - orc warrior
Aim: an orc warrior, wielding a long sword and wearing a plate armour (severely wounded)
The searing ray hits the orc warrior.
The orc warrior is severely wounded. (Press . to maintain the ray.)
The orc warrior hits you with a long sword.
* * * LOW HITPOINT WARNING * * *
The searing ray hits the orc warrior.
The orc warrior is almost dead.
Without enough magic to sustain it, your searing ray dissipates.
The orc warrior barely misses you.
It was a potion of curing.
You feel better.
The orc warrior hits you with a long sword!
You die...

....#.# ###.#.#
#.#(# # #.#.#######
.# #.......... ..
###.####### .# #.#
..
#.###############.#
#...........@oo...#
###################


You could see an orc warrior and an orc wizard.

Vanquished Creatures
  A howler monkey (D:4)
  An orc priest (D:4)
  A hound (D:2)
  Terence (D:2)
  An orc wizard (D:4)
  A hound skeleton (D:4)
  A howler monkey skeleton (D:4)
  4 adders
  3 oozes
  An adder skeleton (D:3)
  A worm (D:4)
  2 leopard geckos (D:4)
  12 orcs
  3 ball pythons
  8 bats
  11 goblins
  8 hobgoblins
  4 jackals
  3 quokkas (D:3)
  3 frilled lizards
  5 kobolds
  7 rats
82 creatures vanquished.

Notes
Turn   | Place    | Note
-------+----------+-------------------------------------------
     0 | D:1      | yevrey the Tengu Conjurer began the quest for the Orb.
     0 | D:1      | Reached XP level 1. HP: 10/10 MP: 4/4
   108 | D:1      | Reached XP level 2. HP: 15/15 MP: 0/6
   112 | D:1      | Learned a level 2 spell: Searing Ray
   452 | D:1      | Reached skill level 1 in Unarmed Combat
   452 | D:1      | Reached skill level 6 in Conjurations
   452 | D:1      | Reached XP level 3. HP: 19/19 MP: 1/7
   457 | D:1      | Learned a level 3 spell: Dazzling Spray
   813 | D:2      | Found a faded altar of an unknown god.
   859 | D:2      | Found a burning altar of Makhleb.
   864 | D:2      | Reached XP level 4. HP: 24/24 MP: 7/9
   963 | D:2      | Found a sparkling altar of Nemelex Xobeh.
   966 | D:2      | Noticed Terence
   976 | D:2      | Killed Terence
  1165 | D:3      | Reached skill level 7 in Conjurations
  1185 | D:2      | Gained mutation: You can fly. [Tengu growth]
  1185 | D:2      | Reached XP level 5. HP: 26/28 MP: 8/10
  1426 | D:2      | Found a sacrificial altar of Ru.
  1768 | D:2      | Learned a level 4 spell: Iskenderun's Mystic Blast
  2001 | D:3      | Found an opulent altar of Gozag.
  2105 | D:5      | Entered Level 5 of the Dungeon
  2286 | D:3      | Found a shimmering altar of Xom.
  3067 | D:4      | Found a blossoming altar of Fedhas.
  3069 | D:4      | Found an ornate altar of the Wu Jian Council.
  3083 | D:4      | Reached skill level 1 in Short Blades
  3201 | D:4      | Reached XP level 6. HP: 33/33 MP: 4/12
  3222 | D:4      | Found a radiant altar of Vehumet.
  3233 | D:4      | Became a worshipper of Vehumet
  3387 | D:4      | Reached skill level 1 in Fighting
  3679 | D:4      | Noticed toucherabbit's ghost (amateur DsFi)
  4136 | D:4      | Noticed an orc warrior
  4152 | D:4      | Slain by an orc warrior

Skill      XL: |  1  2  3  4  5  6 |
---------------+-------------------+-----
Unarmed Combat | 1 |  1.7
Conjurations   | 6 7 |  7.4
Spellcasting   | 3 |  3.9
Short Blades   | 1 |  1.8
Fighting       | 1 |  1.2
Dodging        | |  2.1
Stealth        | |  2.0

Action                   |  1- 3 |  4- 6 || total
-------------------------+-------+-------++-------
Melee: Unarmed           |    14 |       ||    14
       Kick              |     6 |    27 ||    33
       Peck              |     5 |    16 ||    21
       Dagger            |    21 |   113 ||   134
Throw: Tomahawk          |       |     3 ||     3
 Cast: Magic Dart        |    27 |    27 ||    54
       Dazzling Spray    |     1 |     1 ||     2
       Searing Ray       |     1 |     5 ||     6
 Abil: Fly               |       |     2 ||     2
  Use: Potion            |       |     1 ||     1
 Stab: Sleeping          |     3 |     4 ||     7
       Invisible         |       |     2 ||     2
  Eat: Chunk             |       |     9 ||     9
       Ration            |       |     1 ||     1
Armor: Robe              |    11 |    11 ||    22
Dodge: Dodged            |    35 |    68 ||   103
